 Dungeon Crawl Stone Soup version 0.29.1-12-g30fa7ad0bf (webtiles) character file.

Game seed: 282381922177177515

464 KittyFluff the Covered (level 7, -7/44 HPs)
             Began as a Gargoyle Fighter on Jan 5, 2023.
             Mangled by an ice beast (14 damage)
             ... on level 5 of the Dungeon.
             The game lasted 00:20:36 (3892 turns).

KittyFluff the Covered (Gargoyle Fighter)           Turns: 3892, Time: 00:20:36

Health: -7/44      AC: 14    Str: 26    XL:     7   Next: 7%
Magic:  7/7        EV: 10    Int:  8    God:
Gold:   136        SH:  5    Dex: 11    Spells: 4/6 levels left

rFire   . . .      SeeInvis .   a - +0 flail
rCold   . . .      Faith    .   c - +0 buckler
rNeg    + . .      Spirit   .   l - +0 ring mail
rPois   ∞          Reflect  .   u - +0 helmet
rElec   +          Harm     .   (no cloak)
rCorr   .          Rampage  .   p - +0 pair of gloves
Will    .....                   H - +0 pair of boots
Stlth   +.........              (no amulet)
HPRegen 0.14/turn               h - +6 ring of strength
MPRegen 0.10/turn               (no ring)

@: no status effects
A: sickness immunity, AC +4, negative energy resistance 1, electricity
resistance, torment resistance 1, petrification resistance
a: no special abilities


You were on level 5 of the Dungeon.
You visited 1 branch of the dungeon, and saw 5 of its levels.

You collected 136 gold pieces.

Inventory:

Hand Weapons
 a - a +0 flail (weapon)
 k - a +0 sling
 x - a +0 morningstar
 C - the +6 dagger of Kuvieneh {antimagic, rElec rC- rN++ Str+2}
   (You found it on level 3 of the Dungeon)

   It reduces the magical energy of the wielder, and disrupts the spells and
   magical abilities of those it strikes.
   Natural abilities and divine invocations are not affected.
   Str:       It affects your strength (+2).
   rC:        It makes you vulnerable to cold.
   rElec:     It insulates you from electricity.
   rN:        It greatly protects you from negative energy.
 L - a +2 war axe of flaming
Missiles
 f - 4 poisoned darts
 m - 35 stones (quivered)
 t - 5 javelins
 y - 3 boomerangs
 G - a boomerang of dispersal
 N - 6 silver javelins
Armour
 b - a +0 scale mail
 c - a +0 buckler (worn)
 l - a +0 ring mail (worn)
 p - a +0 pair of gloves (worn)
 u - a +0 helmet (worn)
 A - a +0 kite shield
 H - a +0 pair of boots (worn)
 K - a +2 leather armour of cold resistance
 M - a +2 chain mail of positive energy
Jewellery
 h - a +6 ring of strength (left hand)
Scrolls
 g - a scroll of enchant weapon {unknown}
 i - a scroll of amnesia {unknown}
 j - 2 scrolls of teleportation
 q - 3 scrolls of identify {unknown}
 r - 3 scrolls of noise {unknown}
 v - a scroll of butterflies {unknown}
 w - a scroll of immolation {unknown}
 D - a scroll of poison {unknown}
 E - a scroll of fear {unknown}
 I - 2 scrolls of magic mapping {unknown}
Potions
 d - 2 potions of might
 e - 4 potions of curing {unknown}
 n - 2 potions of heal wounds {unknown}
 o - 2 potions of magic {unknown}
 s - 2 potions of mutation {unknown}
 z - a potion of haste {unknown}
 B - a potion of brilliance {unknown}
 F - a potion of attraction {unknown}
 J - a potion of ambrosia {unknown}
 O - a potion of cancellation {unknown}


   Skills:
 + Level 4.7 Fighting
 + Level 3.7 Maces & Flails
 * Level 5.9 Armour
 + Level 4.7 Shields


You had 4 spell levels left.
You knew the following spells:

 Your Spells              Type           Power      Damage    Failure   Level
a - Blink                 Tloc           0%         N/A       77%         2

Your spell library contained the following spells:

 Spells                   Type           Power      Damage    Failure   Level
 Lesser Beckoning         Tloc           0%         N/A       94%         3
 Manifold Assault         Tloc           0%         N/A       100%        5


Dungeon Overview and Level Annotations

Branches:
Dungeon (5/15)
 Temple: D:4-7

Altars:
Xom


Innate Abilities, Weirdness & Mutations

You are immune to sickness and miasma.
Your stone body is resilient. (AC +4)
You are immune to poison.
You resist negative energy. (rN+)
You are resistant to electric shocks. (rElec)
You are resistant to unholy torment.
You are immune to petrification.


Message History

You blink.
The phantom hits you but does no damage.
The phantom hits you but does no damage.
You hit the phantom but do no damage.
The phantom hits you but does no damage.
You closely miss the phantom. The phantom hits you.
The phantom blinks!
You blink.
Found a club and a scroll labelled ERARHAUNAIT.
The phantom hits you.
You barely miss the phantom. The phantom barely misses you.
You closely miss the phantom. You block the phantom's attack.
You hit the phantom.
The phantom is lightly damaged.
The phantom hits you.
You closely miss the phantom.
The phantom is lightly damaged.
The phantom hits you.
The phantom blinks!
You blink.
You hit the phantom.
The phantom is moderately damaged.
The phantom hits you.
The phantom hits you but does no damage.
You hit the phantom.
The phantom is heavily damaged.
The phantom hits you.
The phantom blinks!
You blink.
An ice beast comes into view.
Found a cyan potion.
The phantom hits you.
You sock the phantom!
The phantom is almost destroyed.
The phantom hits you but does no damage.
You closely miss the phantom.
The phantom is almost destroyed.
The phantom hits you.
The phantom blinks!
You blink.
The phantom hits you but does no damage.
The phantom hits you.
* * * LOW HITPOINT WARNING * * *
The phantom blinks!
You blink.
The ice beast hits you.
* * * LOW HITPOINT WARNING * * *
The ice beast freezes you!
You die...

.# #.# #.# #
###.#### #
###...§§.# #
#........# #
#####.WY..#..# #
.......@#.#.!# #
...##.#......#######
# # #..........?)# #
##...§######.#
##.#.# #.# ..#
.....# #§# ..#
###.### #.# ... #'#
#.# #.# .. #.#


You could see an ice beast and a phantom.

Vanquished Creatures
  A phantom (D:4)
  A scorpion (D:4)
  2 hounds
  An orc priest (D:3)
  A jelly (D:4)
  An iguana (D:4)
  An orc wizard (D:4)
  Robin (D:2)
  6 adders
  A white imp (D:5)
  2 worms (D:2)
  11 orcs
  4 endoplasms
  A giant cockroach (D:3)
  15 goblins
  3 hobgoblins
  8 kobolds
  3 quokkas
  6 ball pythons
  8 bats
  3 frilled lizards
  7 rats
87 creatures vanquished.

Notes
Turn   | Place    | Note
-------+----------+-------------------------------------------
     0 | D:1      | KittyFluff the Gargoyle Fighter began the quest for the
                  | Orb.
     0 | D:1      | Reached XP level 1. HP: 14/14 MP: 1/1
   357 | D:1      | Reached XP level 2. HP: 19/19 MP: 2/2
  1303 | D:2      | Reached XP level 3. HP: 23/23 MP: 3/3
  1485 | D:2      | Found a shimmering altar of Xom.
  1714 | D:2      | Reached skill level 4 in Armour
  1912 | D:2      | Reached XP level 4. HP: 29/29 MP: 4/4
  1962 | D:2      | Noticed Robin
  1976 | D:2      | Killed Robin
  2381 | D:3      | Reached XP level 5. HP: 23/33 MP: 5/5
  2533 | D:3      | Identified the +6 dagger of Kuvieneh {antimagic, rElec rC-
                  | rN++ Str+2}
  2966 | D:4      | Reached skill level 5 in Armour
  2966 | D:4      | Reached XP level 6. HP: 34/38 MP: 6/6
  3218 | D:4      | You fall into a shaft and drop 1 floor!
  3218 | D:5      | Entered Level 5 of the Dungeon
  3624 | D:4      | Reached XP level 7. HP: 44/44 MP: 7/7
  3779 | D:5      | Learned a level 2 spell: Blink
  3892 | D:5      | Mangled by an ice beast

Illustrated notes

Levels and vault maps discovered:
D:1:      wander_arrival_peaceful_grave, layout_basic,
          shapermc_ecumenical_altar_mp_urbaneastern, minmay_misc_feat_room
D:2:      layout_basic, basic_altar, uniq_robin
D:3:      layout_loops_ring, nicolae_overflow_hidden_temple
D:4:      layout_basic, serial_curves, eino_curves_01, eino_curves_02,
          nicolae_figureground_sparkle
D:5:      layout_loops_corners, doesnt_xom_only_xom,
          nicolae_qazlal_style_of_elements

Skill      XL: |  1  2  3  4  5 |
---------------+----------------+-----
Armour         | 4 5 |  5.9
Shields        | 4 |  4.7
Fighting       | 4 |  4.7
Maces & Flails | 3 |  3.7

Action                   |  1- 3 |  4- 6 |  7- 9 || total
-------------------------+-------+-------+-------++-------
Melee: Flail             |   116 |   135 |    18 ||   269
  Use: Scroll            |       |     1 |       ||     1
Armor: Scale mail        |    26 |       |       ||    26
       Ring mail         |    32 |    51 |     9 ||    92
Dodge: Dodged            |    67 |    56 |     5 ||   128
Block: Buckler           |    28 |    31 |     3 ||    62
